 Dungeon Crawl Stone Soup version 0.24.0-13-gcf9b319 (webtiles) character file.

Game seed: 13336395869549734124, levelgen mode: deterministic

32 CBukowski the Charmwright (level 3, -5/27 HPs)
             Began as a Merfolk Skald on Nov 13, 2019.
             Slain by Terence
             ... wielding a +0 mace
              (10 damage)
             ... on level 2 of the Dungeon.
             The game lasted 00:07:00 (1400 turns).

CBukowski the Charmwright (Merfolk Skald)           Turns: 1400, Time: 00:07:01

Health: -5/27      AC:  4    Str: 11    XL:     3   Next: 27%
Magic:  6/6        EV: 12    Int: 13    God:
Gold:   0          SH:  0    Dex: 13    Spells: 1/6 levels left

rFire    . . .     SeeInvis .   a - +0 spear
rCold    . . .     Gourm    .   (no shield)
rNeg     . . .     Faith    .   b - +0 leather armour
rPois    .         Spirit   .   g - +0 helmet
rElec    .         Reflect  .   (no cloak)
rCorr    .         Harm     .   (no gloves)
MR       .....                  (no boots)
Stlth    +.........             (no amulet)
HPRegen  0.09/turn              (no ring)
MPRegen  0.10/turn              (no ring)

@: no status effects
A: change form in water, swift swim, stealthy swim
a: no special abilities


You were on level 2 of the Dungeon.
You were not hungry.

You visited 1 branch of the dungeon, and saw 2 of its levels.

Inventory:

Hand Weapons
 a - a +0 spear (weapon)
Armour
 b - a +0 leather armour (worn)
 g - a +0 helmet (worn)
Scrolls
 c - a scroll of identify {unknown}
 h - a scroll of teleportation {unknown}
 j - a scroll of fog {unknown}
 k - 2 scrolls of random uselessness {unknown}
Potions
 e - a potion of lignification {unknown}
 f - a potion of flight {unknown}
 i - a potion of agility {unknown}
 l - a potion of magic {unknown}
Comestibles
 d - 3 rations
 m - a chunk of flesh


   Skills:
 + Level 2.1 Fighting
 + Level 3.1 Polearms
 + Level 0.6 Armour
 + Level 2.8 Dodging
 - Level 2.0 Spellcasting
 * Level 4.6 Charms


You had one spell level left.
You knew the following spells:

 Your Spells              Type           Power        Failure   Level  Hunger
a - Infusion              Chrm           ##..         4%          1    ##.....
b - Shroud of Golubria    Chrm/Tloc      #.....       21%         2    ###....
c - Song of Slaying       Chrm           ##......     8%          2    ###....

Your spell library contained the following spells:

 Spells                   Type           Power        Failure   Level  Hunger
 Regeneration             Chrm/Necr      #.........   36%         3    ####...
 Spectral Weapon          Hex/Chrm       #.......     36%         3    ####...


Dungeon Overview and Level Annotations

Branches:
Dungeon (2/15)

Altars:

Annotations:
D:2 Terence


Message History

You closely miss Terence.
Terence is heavily wounded.
The goblin misses you. Terence closely misses you.
You barely miss Terence.
Terence is heavily wounded.
The goblin barely misses you.
You hit Terence.
Terence is heavily wounded.
Terence hits you but does no damage. The goblin barely misses you.
You hit Terence.
Terence is heavily wounded.
Terence hits you with a +0 mace.
* * * LOW HITPOINT WARNING * * *
The goblin hits you but does no damage.
You see here a naga barding.
Terence screams, "I want your blood!"
Terence says, "Don't bother to defend, it's senseless."
There is a stone staircase leading up here.
Terence hits you with a +0 mace!
You die...

#....g....###
####..###g#.. #..#
#.#.# #..# #.#.#
###..###.#.###.#####
......)..g.....(...
##..#####.#####.#
##.............#
#...###..@@#..# #
##..########..#
#.##....รท....#...
#.......#.#####.#
#.##..#.#.#####.#####
# ##...............#
#...#######.###.# .
#...#.........#.#
....##...#.#####.#.#.#


You could see Terence and a goblin.

Vanquished Creatures
  A dart slug (D:1)
  2 leopard geckos (D:1)
  A giant cockroach (D:1)
  5 goblins
  A hobgoblin (D:2)
  4 bats (D:1)
  7 frilled lizards (D:1)
  6 kobolds (D:1)
  3 rats
30 creatures vanquished.

Notes
Turn   | Place    | Note
-------+----------+-------------------------------------------
     0 | D:1      | CBukowski the Merfolk Skald began the quest for the Orb.
     0 | D:1      | Reached XP level 1. HP: 16/16 MP: 3/3
    85 | D:1      | Reached XP level 2. HP: 19/22 MP: 5/5
   274 | D:1      | Reached skill level 4 in Charms
   728 | D:1      | Learned a level 2 spell: Shroud of Golubria
   731 | D:1      | Learned a level 2 spell: Song of Slaying
   802 | D:1      | Reached XP level 3. HP: 26/27 MP: 6/6
  1336 | D:2      | Noticed Terence
  1400 | D:2      | Slain by Terence

Levels and vault maps discovered:
D:1:      dpeg_arrival_windows_large_door, layout_basic, hex_medium,
          minmay_lizard_king
D:2:      layout_basic, uniq_terence

Skill      XL: |  1  2 |
---------------+-------+-----
Charms         | 4 |  4.6
Fighting       | |  2.1
Polearms       | |  3.1
Armour         | |  0.6
Dodging        | |  2.8
Spellcasting   | |  2.0

Action                   || total
-------------------------++-------
Melee: Spear             ||   149
 Cast: Infusion          ||     1
       Song of Slaying   ||     1
       Shroud of Golubri ||     1
  Eat: Chunk             ||     2
Armor: Leather armour    ||    25
Dodge: Dodged            ||    80
